 Dungeon Crawl Stone Soup version 0.29-a0-337-g68df138881 (webtiles) character file.

Game seed: 13301871855778821878

326416 spaghetti the Spry (level 23, -33/179 HPs)
             Began as a Djinni Conjurer on Apr 16, 2022.
             Was an Initiate of Gozag.
             Annihilated by an ettin
             ... wielding a +2 dire flail of protection
              (40 damage)
             ... while paralysed by a sphinx
             ... on level 5 of the Vaults on Apr 17, 2022.
             The game lasted 03:10:12 (74617 turns).

spaghetti the Spry (Djinni Conjurer)               Turns: 74617, Time: 03:10:13

Health: -33/179    AC: 24    Str:  1    XL:     23   Next: 1%
Gold:   1210       EV: -1    Int: 37    God:    Gozag SH:  0 Dex: 16

rFire   + + .      SeeInvis .   O - staff of air {!astaff}
rCold   x . .      Faith    .   E - +2 kite shield
rNeg    . . .      Spirit   .   a - +3 robe of Clouds {*Thunder rCloud rElec}
rPois   ∞          Reflect  .   n - +2 helmet
rElec   +          Harm     .   c - +2 cloak
rCorr   .          Rampage  .   i - +2 pair of gloves
Will    ++...                   (boots unavailable)
Stlth   ++........              Q - amulet of the acrobat
HPRegen 0.39/turn               j - +4 ring of protection
MPRegen 0.00/turn               F - ring "Ytegeesu" {rPois Str-5 Int+6 Dex+2}

@: paralysed, death channelling, forested, flying, constricted, studying
Crossbows
A: sickness immunity, fire resistance 2, cold vulnerability 1, float, innate
caster, HP casting, extra vitality 1, iridescent scales 1, agile 1, sense
surroundings 1, screaming 1
}: 1/15 runes: barnacled
a: Renounce Religion, Potion Petition, Call Merchant, Bribe Branch


You were on level 5 of the Vaults.
You worshipped Gozag.
Gozag was most pleased with you.
You visited 6 branches of the dungeon, and saw 35 of its levels.

You collected 16885 gold pieces.
You spent 5059 gold pieces at shops.
You paid 10616 gold pieces to Gozag.


Innate Abilities, Weirdness & Mutations

You are immune to sickness and miasma.
You are immune to poison.
Your flesh is very heat resistant. (rF++)
You are vulnerable to cold. (rC-)
You float through the air rather than walking.
You learn spells naturally, not from books.
Your magical power is your life essence.
You have superior vitality. (+4 MHP)
You are partially covered in iridescent scales. (AC +2)
You are agile. (Dex +2)
You passively map a small area around you.
You occasionally shout uncontrollably at your foes.


   Skills:
 + Level 19.6 Fighting
 * Level 17.8 Armour
 - Level 20.1 Dodging
 - Level 1.5 Stealth
 - Level 15.0 Shields
 + Level 15.8 Spellcasting
 - Level 2.0 Evocations


You couldn't memorise any spells.
You knew the following spells:

 Your Spells              Type           Power      Damage    Failure   Level
a - Magic Dart            Conj           100%       1d8       0%          1
b - Searing Ray           Conj           100%       2d8       0%          2
c - Dazzling Flash        Conj/Hex       100%       N/A       0%          3
d - Fulminant Prism       Conj/Hex       49%        3d21      1%          4
e - Iskenderun's Mystic   Conj/Tloc      98%        2d19      1%          4
f - Freeze                Ice            100%       1d11      0%          1
g - Poisonous Vapours     Pois/Air       100%       N/A       0%          2
h - Wereblood             Tmut           98%        N/A       0%          2
i - Flame Wave            Conj/Fire      98%        2d16      1%          4
j - Freezing Cloud        Conj/Ice/Air   60%        6-21      1%          5
k - Summon Forest         Summ/Tloc      49%        N/A       1%          5
l - Death Channel         Necr           49%        N/A       1%          6
m - Storm Form            Tmut/Air       60%        N/A       2%          7
n - Conjure Ball Lightni  Conj/Air       60%        3x3d22    1%          6
o - Necromutation         Tmut/Necr      49%        N/A       21%         8
p - Dragon Form           Tmut           49%        N/A       2%          7
Your spell library was empty.

Inventory:

Armour
 a - the +3 robe of Clouds (worn) {*Thunder rCloud rElec}
   (You bought it in a shop on level 2 of the Shoals)

   It occasionally creates storm clouds above nearby enemies.
   It grants its wearer immunity to clouds.
   rElec:     It insulates you from electricity.
 c - a +2 cloak (worn)
   (You took it off Crazy Yiuf on level 2 of the Dungeon)
 i - a +2 pair of gloves (worn)
   (You found it on level 4 of the Lair of Beasts)
 n - a +2 helmet (worn)
   (You found it on level 1 of the Dungeon)
 E - a +2 kite shield (worn)
   (You found it on level 5 of the Dungeon)
 R - the +8 plate armour "Lomooh" {SInv}
   (You took it off a deep elf high priest on level 3 of the Elven Halls)

   SInv:      It lets you see invisible.
 U - the +8 chain mail "Dyojogol" {Int-3 Slay+5 SInv}
   (You found it on level 1 of the Vaults)

   Int:       It affects your intelligence (-3).
   Slay:      It affects your accuracy & damage with ranged weapons and melee
   (+5).
   SInv:      It lets you see invisible.
Magical Staves
 x - a staff of conjuration {!a@e2staff}
   (You found it on level 4 of the Dungeon)
 O - a staff of air (weapon) {!astaff}
   (You found it on level 3 of the Elven Halls)
 S - a staff of death {!astaff}
   (You found it on level 3 of the Elven Halls)
Jewellery
 j - a +4 ring of protection (left hand)
   (You took it off a goblin on level 1 of the Dungeon)
 o - a +6 ring of strength
   (You found it on level 8 of the Dungeon)
 C - a +6 ring of strength
   (You took it off a deep elf death mage on level 3 of the Elven Halls)
 F - the ring "Ytegeesu" (right hand) {rPois Str-5 Int+6 Dex+2}
   (You found it on level 15 of the Dungeon)

   [ring of intelligence]

   Str:       It affects your strength (-5).
   Int:       It affects your intelligence (+6).
   Dex:       It affects your dexterity (+2).
   rPois:     It protects you from poison.
 Q - an amulet of the acrobat (around neck)
   (You found it on level 6 of the Lair of Beasts)
Wands
 l - a wand of iceblast (6)
   (You found it on level 4 of the Vaults)
 u - a wand of polymorph (7)
   (You took it off a vault sentinel on level 1 of the Vaults)
 I - a wand of acid (5)
   (You found it on level 3 of the Elven Halls)
 Y - a wand of paralysis (2)
   (You found it on level 3 of the Vaults)
Scrolls
 b - 2 scrolls of holy word {!r}
 e - a scroll of fear
 f - 9 scrolls of enchant weapon
 r - 10 scrolls of vulnerability {!r!r}
 t - 8 scrolls of magic mapping {!r}
 v - 8 scrolls of enchant armour
 J - 7 scrolls of immolation {!r!r}
 K - 18 scrolls of teleportation {@r4}
 M - 2 scrolls of fog
 T - 2 scrolls of brand weapon
 W - 4 scrolls of blinking {!r}
Potions
 d - 2 potions of berserk rage {!q}
 g - 5 potions of haste {@q3}
 h - 11 potions of attraction {!q}
 k - 4 potions of ambrosia
 q - 18 potions of curing {@q1}
 z - 3 potions of lignification {!q}
 A - 4 potions of invisibility
 B - 7 potions of mutation {!q}
 G - 5 potions of cancellation
 H - 4 potions of might
 L - 5 potions of brilliance
 N - 7 potions of heal wounds {@q2}
 V - 2 potions of resistance
Miscellaneous
 X - a phial of floods
   (You found it on level 1 of the Vaults)

Dungeon Overview and Level Annotations

Branches:
Dungeon (15/15)            Temple (0/1) D:7            Lair (6/6) D:10
 Shoals (4/4) Lair:4        Snake (0/4) Lair:4        Slime (0/5) Lair:6
    Orc (2/2) D:11            Elf (3/3) Orc:2        Vaults (5/5) D:14
  Crypt (0/3) Vaults:2     Depths (0/4) D:15

Altars:
Ashenzari
Dithmenos
Fedhas
Gozag
Kikubaaqudgha
Makhleb
Qazlal
Ru
Sif Muna
Vehumet
Wu Jian
Xom
Yredelemnul
Zin
The Shining One
Jiyva

Shops:
D:2 !   D:3 =[   D:7 *   D:11 *   D:15 [!   Orc:1 *   Orc:2 ([*(*   Elf:3 (
Shoals:2 ?[?*?   Vaults:2 [[!:

Portals:
Hell: Lair:6

Annotations:
D:3 1 runed translucent door, zeratav's ghost, weakling OpCj
D:11 3 runed translucent doors, Gibbon's ghost, journeyman DrVM; enile's ghost, journeyman OpTm; rageheart7's ghost, journeyman MfMo; siradein's ghost, journeyman VSBe
Vaults:2 1 transporter

* ,* * *
##.#....###.,
*#..#....#.p# ,
.........p# *
*####........###
*
...............
,
,.....§eC§W.....
, ,
.....peXpQ.....
,
.....H§@e§.....,
*
####.GXCpc..###
* ,* #.ppp....#
, *#..#....##.#
* #...#....# .#
, #...$#....# .
,... #....# **
.## #....# ,, ,
$


You could see 2 tentacled monstrosities, a sphinx (empowered), a vault warden
(empowered), a tengu reaver (empowered), a yaktaur captain, 5 vault guards, a
ghostly vault guard, a deep elf death mage (empowered), 2 ettins, a deep elf
sorcerer (fast, empowered), a glowing orange brain shaped shifter, a vault
sentinel (catching breath), a ghostly deep elf high priest (brilliance aura) and
a phantasmal warrior.


Message History

Unknown command.
Unknown command.
Casting: Death Channel (mildly dangerous; 1% risk of failure)
Confirm with . or Enter, or press ? or * to list all spells.
You can only summon one forest at a time.
Unknown command.
Unknown command.
Casting: Summon Forest (safe; 1% risk of failure)
Confirm with . or Enter, or press ? or * to list all spells.
You erupt in a blast of force!
The mystic blast hits the vault guard!
The vault guard is knocked back by the mystic blast.
The vault guard collides with the phantasmal warrior!
The mystic blast hits the vault guard!
The vault guard is knocked back by the mystic blast.
The mystic blast hits the faun!
The faun is knocked back by the mystic blast.
The faun slams into the heavily etched crystal wall!
The mystic blast hits the yaktaur captain!!
The yaktaur captain is knocked back by the mystic blast.
The yaktaur captain slams into the heavily etched crystal wall!
The mystic blast hits the ghostly deep elf high priest!
The ghostly deep elf high priest is knocked back by the mystic blast.
The ghostly deep elf high priest slams into the heavily etched crystal wall!
The mystic blast hits the tentacled monstrosity!! x2
The tentacled monstrosity is knocked back by the mystic blast.
The mystic blast hits the vault guard!
The vault guard is knocked back by the mystic blast.
The vault guard slams into the heavily etched crystal wall!
The mystic blast hits the deep elf sorcerer!
The deep elf sorcerer is knocked back by the mystic blast.
The deep elf sorcerer collides with the ghostly deep elf high priest!
The mystic blast hits the ettin!
The ettin is knocked back by the mystic blast.
The mystic blast hits the tengu reaver!
The tengu reaver is knocked back by the mystic blast.
Storm clouds gather above the vault guard.
Storm clouds gather above the deep elf sorcerer.
The faun changes into a slime creature!
The sphinx mumbles some strange words.
You suddenly lose the ability to move!
A vault warden comes into view. It is wielding a +1 battleaxe.
The phantasmal warrior gestures at you.
The phantasmal warrior blinks!
Storm clouds gather above the ettin.
The slime creature changes into a glowing orange brain!
The sphinx mumbles some strange words.
You resist with some effort.
The vault guard is struck by lightning.
The deep elf sorcerer is struck by lightning.
The tentacled monstrosity is struck by lightning.
A vault sentinel comes into view. It is wielding a +0 long sword.
The ettin is struck by lightning.
The ettin hits you with a +2 dire flail of protection!!
The ettin hits you with a +0 dire flail!
The vault guard hits you but does no damage.
The vault warden is empowered by the ghostly deep elf high priest's aura!
The ghostly deep elf high priest mumbles some strange prayers to its god against you.
Something smites you!
Storm clouds gather above the vault guard.
The deep elf sorcerer hits you with a +1 dagger of venom.
The tentacled monstrosity tentacle-slaps you but does no damage. x3
The tentacled monstrosity grabs you.
The tentacled monstrosity constricts you.
The vault guard hits you with a +1 battleaxe!
* * * LOW HITPOINT WARNING * * *
The tentacled monstrosity tentacle-slaps you but does no damage. x3
The vault warden activates a sealing rune.
The vault sentinel blows a loud note on a signal horn!
The deep elf sorcerer hits you with a +1 dagger of venom.
* * * LOW HITPOINT WARNING * * *
The vault guard hits you with a +0 long sword!
* * * LOW HITPOINT WARNING * * *
The ettin hits you with a +2 dire flail of protection!!
* * * LOW HITPOINT WARNING * * *
The ettin completely misses you.
You hear a shout!
You hear a deafening roar!
You hear a shout! x3
Storm clouds gather above the tentacled monstrosity.
Storm clouds gather above the ettin.
The sphinx mumbles some strange words.
You resist with some effort.
The tentacled monstrosity tentacle-slaps you but does no damage.
The tentacled monstrosity tentacle-slaps you.
* * * LOW HITPOINT WARNING * * *
The tentacled monstrosity tentacle-slaps you but does no damage.
The tentacled monstrosity constricts you.
* * * LOW HITPOINT WARNING * * *
The vault guard hits you with a +1 battleaxe.
* * * LOW HITPOINT WARNING * * *
The deep elf sorcerer points at you and mumbles some strange words.
You easily resist.
The deep elf death mage hits you but does no damage.
The tentacled monstrosity is struck by lightning.
The tentacled monstrosity tentacle-slaps you!
* * * LOW HITPOINT WARNING * * *
The tentacled monstrosity tentacle-slaps you but does no damage.
The tentacled monstrosity tentacle-slaps you!
* * * LOW HITPOINT WARNING * * *
The vault guard hits you but does no damage.
The ettin hits you with a +2 dire flail of protection!!!
You die...
Your body crumbles into a pile of gold.

Skill      XL: |  1  2  3  4  5  6  7  8  9 10 11 12 13 14 15 16 17 18 19 20 21 22 |
---------------+-------------------------------------------------------------------+-----
Fighting       | 1 2 3 4 5 7 9 11 12 13 14 15 16 17 18 19 | 19.6
Spellcasting   | 4 5 6 7 9 10 11 12 13 14 15 | 15.8
Armour         | 2 5 7 8 9 11 12 13 14 16 17 | 17.8
Dodging        | 4 6 8 9 11 12 14 17 19 20 | 20.1
Shields        | 4 6 8 9 10 11 12 13 14 15 | 15.0
Evocations     | 2 |  2.0
Stealth        | |  1.5

Action                   |  1- 3 |  4- 6 |  7- 9 | 10-12 | 13-15 | 16-18 | 19-21 | 22-24 || total
-------------------------+-------+-------+-------+-------+-------+-------+-------+-------++-------
Melee: Staff             |       |       |       |     2 |   167 |   236 |   273 |    85 ||   763
       Unarmed           |       |       |       |       |       |     4 |    60 |    65 ||   129
       Punch             |       |       |       |       |       |       |       |     3 ||     3
 Cast: Magic Dart        |    36 |    13 |   100 |   122 |    54 |    17 |       |       ||   342
       Searing Ray       |    16 |    21 |    70 |    68 |    48 |    27 |     3 |     3 ||   256
       Fulminant Prism   |       |     3 |       |    31 |     9 |     8 |       |     1 ||    52
       Iskenderun's Myst |       |       |     2 |    27 |    62 |    38 |    47 |    30 ||   206
       Dazzling Flash    |       |       |       |     1 |     1 |     1 |       |       ||     3
       Freezing Cloud    |       |       |       |    37 |    57 |   140 |    87 |    18 ||   339
       Flame Wave        |       |       |       |     8 |    15 |     4 |     3 |       ||    30
       Summon Forest     |       |       |       |       |    56 |    93 |   109 |    33 ||   291
       Death Channel     |       |       |       |       |    24 |    82 |    91 |    31 ||   228
       Storm Form        |       |       |       |       |       |     4 |    14 |    11 ||    29
       Conjure Ball Ligh |       |       |       |       |       |       |    35 |     4 ||    39
       Poisonous Vapours |       |       |       |       |       |       |     3 |       ||     3
       Wereblood         |       |       |       |       |       |       |     1 |       ||     1
       Necromutation     |       |       |       |       |       |       |       |     1 ||     1
       Dragon Form       |       |       |       |       |       |       |       |     1 ||     1
Invok: Call Merchant     |       |       |       |       |       |     5 |     3 |       ||     8
       Potion Petition   |       |       |       |       |       |       |       |     1 ||     1
 Abil: End Transformatio |       |       |       |       |       |       |       |     1 ||     1
  Use: Scroll            |       |       |    10 |     8 |    15 |     5 |     4 |     9 ||    51
       Potion            |       |       |       |     2 |       |     1 |     1 |     1 ||     5
 Stab: Distracted        |       |       |       |       |     4 |    11 |     9 |     6 ||    30
       Fleeing           |       |       |       |       |       |       |     1 |       ||     1
Armor: Robe              |       |     4 |    24 |    42 |    86 |   116 |    64 |    64 ||   400
       Skin              |       |       |       |       |       |       |    20 |    10 ||    30
Dodge: Dodged            |     7 |     4 |    45 |    63 |   135 |   306 |   332 |   197 ||  1089
Block: Kite shield       |       |       |       |    53 |   208 |   275 |   229 |   114 ||   879
       Reflection        |       |       |       |     5 |    11 |       |       |       ||    16

Levels and vault maps discovered:
D:1:      dpeg_arrival_simpleton_b, layout_basic
D:2:      layout_basic, ebering_ecumenical_altar_box, serial_shops, shop,
          uniq_jessica, uniq_crazy_yiuf_cottage, uniq_sigmund
D:3:      layout_loops_ring, lemuel_round_altar, hellmonk_ghost_happy_afterlife,
          serial_shops, shop, shop, uniq_terence
D:4:      layout_loops_ring, grunt_gozag_breadcrumbs,
          nicolae_wu_jian_wuxing_cycle, minmay_crystal_water
D:5:      layout_gridville, kennysheep_mini_moat
D:6:      layout_cave_pools, mainiacjoe_overflow_paths,
          mainiacjoe_overflow_large_starburst, mainiacjoe_overflow_tiny_flanked
D:7:      layout_basic, grunt_dithmenos_smoke_and_mirrors, bloody_makhleb,
          minmay_temple_entry_proselytizer, serial_aquarium,
          aquarium_bridge_straight [aquarium_subvault_bridge,
          aquarium_subvault_balcony, aquarium_subvault_bridge,
          aquarium_subvault_wall], aquarium_window_fake, aquarium_window_double,
          aquarium_window_fake, aquarium_view_2e, aquarium_view_2b,
          aquarium_pool_double, serial_shops, shop, uniq_menkaure
D:8:      layout_loops_ring, tgw_sif
D:9:      layout_layer_cave, nicolae_ashenzari_panopticon,
          nicolae_kikubaaqudgha_miasma_corner, uniq_maurice
D:10:     layout_roguey, dpeg_lair_monsters, enter_bailey_2,
          nicolae_looking_at_the_future
D:11:     layout_long_grid, erik_orc_4, gammafunk_ghost_cemetery,
          nicolae_transmutations_shop
D:12:     layout_irregular_city, serial_ice, serial_ice_f, serial_ice_m,
          serial_ice_h, serial_ice_n, serial_ice_b, serial_ice_c, serial_ice_i,
          serial_ice_a, serial_ice_o, serial_ice_d,
          portal_ice_cave_entry_pillars_1, grunt_decor_clamped,
          corexii_hall_statues_i, uniq_azrael
D:13:     layout_rooms, dk_noncrumbling_2, hive_lemuel
D:14:     layout_roguey, david_vaults_5
D:15:     gammafunk_enter_depths_forms, layout_loops_ring, serial_shops,
          nicolae_inconvenience_store, nicolae_shop_waterfront,
          nicolae_ru_path_of_blood
Lair:1:   layout_regular_city, cheibrodos_lair_reptile_den,
          infiniplex_staircase_pool_2, grunt_megastairs_3
Lair:2:   layout_regular_city
Lair:3:   layout_roguey, hangedman_lair_unloving_vines, lemuel_fruit_fields
Lair:4:   layout_roguey, elwin_shoals_entry_rooms, dummy_snake_entry,
          beast_lair_carwin_2, grunt_megastairs_2
Lair:5:   layout_cave_pods, beast_lair_carwin_7
Lair:6:   evil_forest, layout_loops_ring, slime_altar_1, dpeg_oklob_1
Shoals:1: layout_shoals, nicolae_shoals_water_booths, uniq_mlioglotl
Shoals:2: layout_shoals, nicolae_shoals_goliath_grotto, uniq_ilsuiw,
          uniq_nikola, uniq_polyphemus
Shoals:3: layout_shoals, ldierk_geyser
Shoals:4: shoals_end_grunt_ice, layout_shoals, kb_tengu_band
Orc:1:    layout_caves, nicolae_shop_overcharged_wands
Orc:2:    st_orc_mages, layout_caves, serial_shops,
          nicolae_shop_temple_entry_statues_fountains
Elf:1:    eino_elf_arrival_altar, layout_loops_corners, hangedman_elf_disciples
Elf:2:    nicolae_elf_blades_crystal_corner, layout_rooms, uniq_louise
Elf:3:    grunt_elf_hall_diamonds, layout_geoelf_grid, serial_shops, shop,
          uniq_saint_roka
Vaults:1: ontoclasm_vaults_ring_small, v_misc_8, hangedman_vaults_hat,
          vaults_mumra_minichess_inversion, hangedman_vaults_impose,
          grunt_vaults_funneled_arena, nicolae_vaults_border_crossing,
          layout_vaults_omnigrid, serial_shops, bzr_entry_safe
Vaults:2: nicolae_vaults_little_ls, v_misc_23, emtedronai_trogs_sanctum,
          minmay_crypt_entry_vampire_xt, vaults_room_door_ring,
          ontoclasm_vaults_twist, v_misc_29, ontoclasm_vaults_tryst, v_misc_16,
          vaults_mumra_hex, ontoclasm_vaults_gateway, dpeg_vaults_monster_box,
          layout_vaults_omnicross, serial_shops, nicolae_shop_waterfront
Vaults:3: nicolae_vaults_quartermaster, hangedman_vaults_capsules,
          nicolae_vaults_network_star, nicolae_vaults_sealed_display,
          hangedman_vaults_restitches, nicolae_vaults_little_squares_6,
          nicolae_vaults_angled_halls, hangedman_vaults_stream,
          layout_vaults_chaotic_city, uniq_boris, uniq_zenata
Vaults:4: nicolae_vaults_network_quincunx
          [nicolae_vaults_network_quincunx_subvault,
          nicolae_vaults_network_quincunx_subvault,
          nicolae_vaults_network_quincunx_subvault,
          nicolae_vaults_network_quincunx_subvault,
          nicolae_vaults_network_quincunx_subvault], v_rooms_5,
          ontoclasm_vaults_ligature, nicolae_vaults_inception_corners,
          hangedman_vaults_unwind, nicolae_vaults_rhombus_5,
          vaults_room_stairs_pillars, nicolae_vaults_theta,
          vaults_mumra_chevron_long, v_misc_22, nicolae_vaults_gold_heap,
          nicolae_vaults_shelves_hall, ontoclasm_vaults_ring_square,
          layout_vaults_omnibox
Vaults:5

Notes
Turn   | Place    | Note
-------+----------+-------------------------------------------
     0 | D:1      | spaghetti the Djinni Conjurer began the quest for the Orb.
     0 | D:1      | Reached XP level 1. HP: 15/15 MP: 0/0
     0 | D:1      | magus.rc [v1.9.6]
   116 | D:1      | Reached XP level 2. HP: 14/22 MP: 0/0
   436 | D:1      | Reached skill level 1 in Fighting
   814 | D:1      | Reached XP level 3. HP: 21/27 MP: 0/0
   814 | D:1      | Learned a level 1 spell: Freeze
  1794 | D:2      | Found Xoss's Distillery.
  1812 | D:2      | Bought a potion of curing for 30 gold pieces
  1963 | D:2      | Reached skill level 2 in Fighting
  1963 | D:2      | Reached XP level 4. HP: 28/33 MP: 0/0
  2003 | D:2      | Found a faded altar of an unknown god.
  2079 | D:2      | Found a runed translucent door.
  2081 | D:2      | Noticed Crazy Yiuf
  2150 | D:2      | Noticed Jessica
  2157 | D:2      | Killed Jessica
  2158 | D:2      | Reached skill level 4 in Spellcasting
  2161 | D:2      | Noticed Sigmund
  2289 | D:2      | Killed Sigmund
  2290 | D:2      | Reached skill level 3 in Fighting
  2290 | D:2      | Reached XP level 5. HP: 21/41 MP: 0/0
  2290 | D:2      | Learned a level 2 spell: Poisonous Vapours
  2290 | D:2      | Reached XP level 6. HP: 24/47 MP: 0/0
  2638 | D:2      | Killed Crazy Yiuf
  2685 | D:2      | Identified the +6 mace of Nohaff {flame, rPois}
  2745 | D:3      | Reached skill level 4 in Fighting
  2763 | D:3      | Found Mablyp's Jewellery Shop.
  2839 | D:3      | Found Xular's Armour Shoppe.
  2927 | D:3      | Found a runed translucent door.
  2950 | D:3      | Noticed zeratav's ghost (weakling OpCj)
  3016 | D:3      | Found a shimmering altar of Xom.
  3249 | D:3      | Noticed Terence
  3254 | D:3      | Killed Terence
  3373 | D:3      | Reached XP level 7. HP: 46/52 MP: 0/0
  3373 | D:3      | Learned a level 2 spell: Wereblood
  3646 | D:3      | Reached skill level 5 in Spellcasting
  4048 | D:4      | Found an ornate altar of the Wu Jian Council.
  4385 | D:4      | Reached skill level 5 in Fighting
  4453 | D:4      | Found an opulent altar of Gozag.
  4757 | D:5      | Entered Level 5 of the Dungeon
  4990 | D:5      | Reached XP level 8. HP: 57/60 MP: 0/0
  5551 | D:5      | Found a glowing golden altar of the Shining One.
  5876 | D:5      | Reached skill level 6 in Fighting
  5983 | D:6      | Reached skill level 6 in Spellcasting
  6078 | D:6      | Found a blossoming altar of Fedhas.
  6140 | D:6      | HP: 12/62 [wight/+2 halberd of pain (8)]
  6141 | D:6      | HP: 2/62 [wight/+2 halberd of pain (9)]
  6735 | D:6      | Reached skill level 7 in Fighting
  6735 | D:6      | Reached XP level 9. HP: 57/68 MP: 0/0
  6735 | D:6      | Learned a level 4 spell: Flame Wave
  7058 | D:6      | Found a stormy altar of Qazlal.
  7102 | D:6      | Found a glowing silver altar of Zin.
  7104 | D:6      | Found a basalt altar of Yredelemnul.
  7262 | D:4      | Became a worshipper of Gozag Ym Sagoz the Greedy
  7327 | D:7      | Found a burning altar of Makhleb.
  7446 | D:7      | Reached skill level 7 in Spellcasting
  7526 | D:7      | Reached skill level 8 in Fighting
  7557 | D:7      | Found Panik's General Store.
  7592 | D:7      | Bought a scroll of identify for 26 gold pieces
  7679 | D:7      | Found a shadowy altar of Dithmenos.
  7747 | D:7      | Found a staircase to the Ecumenical Temple.
  7818 | D:7      | Noticed Menkaure
  7823 | D:7      | Killed Menkaure
  9069 | D:8      | Reached skill level 9 in Fighting
  9202 | D:8      | Reached XP level 10. HP: 68/78 MP: 0/0
  9510 | D:8      | Reached skill level 8 in Spellcasting
  9994 | D:9      | Noticed Maurice
 10000 | D:9      | Killed Maurice
 10295 | D:9      | Reached skill level 10 in Fighting
 10897 | D:9      | Found a broken altar of Ashenzari.
 11254 | D:10     | Entered Level 10 of the Dungeon
 11269 | D:10     | Noticed an orc knight
 11285 | D:10     | Killed an orc knight
 11286 | D:10     | Reached skill level 9 in Spellcasting
 11734 | D:10     | Found a staircase to the Lair.
 11734 | D:10     | Noticed a death yak
 11774 | D:10     | Noticed a death yak
 11775 | D:10     | Noticed a death yak
 11841 | D:10     | Killed a death yak
 11842 | D:10     | Reached skill level 11 in Fighting
 11842 | D:10     | Reached XP level 11. HP: 73/87 MP: 0/0
 11842 | D:10     | Learned a level 5 spell: Freezing Cloud
 11920 | D:10     | Killed a death yak
 11928 | D:10     | Killed a death yak
 12247 | D:10     | Noticed a two-headed ogre
 12250 | D:10     | Killed a two-headed ogre
 12251 | D:10     | Reached skill level 10 in Spellcasting
 12527 | D:10     | Reached skill level 12 in Fighting
 13469 | D:11     | Reached skill level 1 in Armour
 13822 | D:11     | Noticed a two-headed ogre
 13833 | D:11     | Killed a two-headed ogre
 13834 | D:11     | Reached skill level 3 in Dodging
 14088 | D:11     | Reached skill level 2 in Armour
 14183 | D:11     | Found a staircase to the Orcish Mines.
 14629 | D:11     | Noticed a two-headed ogre
 14640 | D:11     | Killed a two-headed ogre
 14641 | D:11     | Reached skill level 4 in Dodging
 14641 | D:11     | Reached XP level 12. HP: 55/96 MP: 0/0
 14978 | D:2      | Bought a potion of mutation for 80 gold pieces
 14978 | D:2      | Bought a potion of mutation for 80 gold pieces
 14978 | D:2      | Gained mutation: You are clumsy. (Dex -2) [potion of
                  | mutation]
 14978 | D:2      | Gained mutation: You are frail. (-10% HP) [potion of
                  | mutation]
 14978 | D:2      | Gained mutation: You passively map a small area around you.
                  | [potion of mutation]
 14979 | D:2      | Lost mutation: You are frail. (-10% HP) [potion of
                  | mutation]
 14979 | D:2      | Lost mutation: You are clumsy. (Dex -2) [potion of
                  | mutation]
 14979 | D:2      | Gained mutation: You occasionally shout uncontrollably at
                  | your foes. [potion of mutation]
 14979 | D:2      | Gained mutation: You are agile. (Dex +2) [potion of
                  | mutation]
 14979 | D:2      | Gained mutation: You are partially covered in iridescent
                  | scales. (AC +2) [potion of mutation]
 14980 | D:2      | Bought a potion of haste for 100 gold pieces
 14980 | D:2      | Bought a potion of curing for 30 gold pieces
 14980 | D:2      | Bought a potion of curing for 30 gold pieces
 15026 | D:3      | Bought an amulet of reflection for 330 gold pieces
 15305 | D:11     | Noticed a two-headed ogre
 15306 | D:11     | Found a runed translucent gate.
 15306 | D:11     | Found a runed translucent gate.
 15306 | D:11     | Found a runed translucent gate.
 15312 | D:11     | Killed a two-headed ogre
 15313 | D:11     | Reached skill level 3 in Armour
 15381 | D:11     | Noticed rageheart7's ghost (journeyman MfMo)
 15381 | D:11     | Noticed siradein's ghost (journeyman VSBe)
 15381 | D:11     | Noticed Gibbon's ghost (journeyman DrVM)
 15383 | D:11     | Noticed enile's ghost (journeyman OpTm)
 15400 | D:11     | Reached skill level 1 in Shields
 15676 | D:11     | Found Reickis's Changing Room.
 15748 | D:11     | Noticed a two-headed ogre
 15754 | D:11     | HP: 22/96 [two-headed ogre/+0 giant club (19)]
 15757 | D:11     | Killed a two-headed ogre
 16252 | D:12     | Reached skill level 2 in Shields
 16568 | D:12     | Reached skill level 5 in Dodging
 16591 | D:12     | Reached skill level 4 in Armour
 16627 | D:12     | Noticed Azrael
 16634 | D:12     | Killed Azrael
 16637 | D:12     | Reached skill level 3 in Shields
 17105 | D:12     | Got the Tome of Snow
 17202 | D:12     | Identified a scroll of acquirement
 17203 | D:12     | Acquired 965 gold pieces
 17599 | D:12     | Reached skill level 13 in Fighting
 18845 | D:13     | Reached skill level 6 in Dodging
 18869 | D:13     | Reached skill level 5 in Armour
 18869 | D:13     | Reached skill level 4 in Shields
 19060 | D:13     | Reached XP level 13. HP: 89/103 MP: 0/0
 19060 | D:13     | Learned a level 5 spell: Summon Forest
 19585 | D:13     | Reached skill level 11 in Spellcasting
 19703 | D:13     | Noticed a five-headed hydra
 19712 | D:13     | Killed a five-headed hydra
 20496 | D:14     | Noticed a centaur warrior
 20504 | D:14     | Killed a centaur warrior
 20632 | D:14     | Reached skill level 7 in Dodging
 20632 | D:14     | Reached skill level 5 in Shields
 20718 | D:14     | Noticed an eight-headed hydra
 20724 | D:14     | Killed an eight-headed hydra
 20725 | D:14     | Reached skill level 6 in Armour
 20943 | D:14     | Noticed a centaur warrior
 20948 | D:14     | Killed a centaur warrior
 21295 | D:14     | Identified the +3 trident of Premature Burial {speed, rC+
                  | Int+3 Dex+2}
 21770 | D:14     | Noticed a vault guard
 21803 | D:14     | Killed a vault guard
 22425 | D:14     | Found a gate to the Vaults.
 22469 | D:15     | Entered Level 15 of the Dungeon
 22469 | D:15     | Noticed an ogre mage
 22473 | D:15     | Reached skill level 6 in Shields
 22696 | D:15     | Reached skill level 8 in Dodging
 22697 | D:15     | Killed an ogre mage
 22698 | D:15     | Reached skill level 7 in Armour
 22698 | D:15     | Reached XP level 14. HP: 80/111 MP: 0/0
 23039 | D:15     | Reached skill level 14 in Fighting
 23098 | D:15     | Found a sacrificial altar of Ru.
 23169 | D:15     | Found Seughen's Distillery.
 23193 | D:15     | Bought a potion of curing for 45 gold pieces
 23193 | D:15     | Bought a potion of cancellation for 120 gold pieces
 23193 | D:15     | Bought a potion of curing for 45 gold pieces
 23193 | D:15     | Bought a potion of curing for 45 gold pieces
 23294 | D:15     | Found Peejutsu's Antique Armour Emporium.
 23397 | D:15     | Paralysed by a floating eye for 2 turns
 23404 | D:15     | Paralysed by a floating eye for 3 turns
 23717 | D:15     | Reached skill level 7 in Shields
 23740 | D:15     | Paralysed by a great orb of eyes for 6 turns
 24019 | D:15     | Found a staircase to the Depths.
 24023 | D:15     | Reached skill level 9 in Dodging
 24257 | D:15     | Identified the ring "Ytegeesu" {rPois Str-5 Int+6 Dex+2}
 24313 | D:15     | Reached skill level 8 in Armour
 24414 | D:15     | HP: 27/112 [cloud of freezing vapour (12)]
 25716 | D:15     | HP: 3/112 [cloud of freezing vapour (37)]
 26363 | D:15     | Bought a silken robe for 205 gold pieces
 26363 | D:15     | Identified the +2 robe of Gestures {rCorr} (You bought it
                  | in a shop on level 15 of the Dungeon)
 26373 | D:15     | Bought a shiny kite shield for 270 gold pieces
 26513 | Orc:1    | Entered Level 1 of the Orcish Mines
 26654 | Orc:1    | Found Qojynoa's Overcharged Wands.
 26662 | Orc:1    | Bought a wand of digging (11) for 450 gold pieces
 26710 | Orc:2    | Entered Level 2 of the Orcish Mines
 26730 | Orc:2    | Reached skill level 12 in Spellcasting
 26910 | Orc:2    | Reached skill level 8 in Shields
 26910 | Orc:2    | Reached XP level 15. HP: 68/118 MP: 0/0
 26910 | Orc:2    | Learned a level 6 spell: Death Channel
 27445 | Orc:2    | Reached skill level 10 in Dodging
 28246 | Orc:2    | Reached skill level 9 in Armour
 28296 | Orc:2    | HP: 24/118 [cloud of freezing vapour (27)]
 29119 | Orc:2    | Found a staircase to the Elven Halls.
 29166 | Orc:2    | Found Zeumeqes's Assorted Antiques.
 29174 | Orc:2    | Bought a scroll of blinking for 150 gold pieces
 29174 | Orc:2    | Bought a shimmering robe for 114 gold pieces
 29174 | Orc:2    | Identified the +2 robe of Forking Paths {rF++ Dex-3} (You
                  | bought it in a shop on level 2 of the Orcish Mines)
 29211 | Orc:2    | Found Kibrimut's Weapon Emporium.
 29211 | Orc:2    | Found Pawa's Armour Shoppe.
 29213 | Orc:2    | Found Isirol's General Store.
 29213 | Orc:2    | Found Zajairra's Weapon Shoppe.
 29224 | Orc:2    | Bought a scroll of enchant armour for 112 gold pieces
 29224 | Orc:2    | Bought a scroll of vulnerability for 112 gold pieces
 29224 | Orc:2    | Bought a potion of haste for 150 gold pieces
 29224 | Orc:2    | Bought a scroll of immolation for 52 gold pieces
 29644 | Lair:1   | Entered Level 1 of the Lair of Beasts
 30079 | Lair:1   | Identified the +7 rapier "Wudghiod" {pain, Dex+2}
 30210 | Lair:1   | Reached skill level 15 in Fighting
 31444 | Lair:2   | Reached skill level 9 in Shields
 33424 | Lair:4   | Found a staircase to the Snake Pit.
 34074 | Lair:4   | Found a staircase to the Shoals.
 34317 | Lair:4   | Reached skill level 11 in Dodging
 34700 | Lair:5   | Reached XP level 16. HP: 117/126 MP: 0/0
 34829 | Lair:5   | Reached skill level 10 in Armour
 36043 | Lair:6   | Entered Level 6 of the Lair of Beasts
 36185 | Lair:6   | Found a staircase to the Slime Pits.
 36186 | Lair:6   | Found a viscous altar of Jiyva.
 36268 | Lair:6   | Reached skill level 10 in Shields
 37237 | Lair:6   | Reached skill level 13 in Spellcasting
 37368 | Lair:6   | Acquired 704 gold pieces
 37382 | Lair:6   | Reached skill level 12 in Dodging
 37816 | Lair:6   | Identified the +3 leather armour "Ykeigila" {Stlth+}
 38138 | Lair:6   | Reached skill level 16 in Fighting
 38397 | Lair:6   | Found a burning altar of Makhleb.
 38403 | Lair:6   | Found a gateway to Hell.
 38685 | Shoals:1 | Entered Level 1 of the Shoals
 38731 | Shoals:1 | Reached skill level 11 in Armour
 38817 | Shoals:1 | Reached XP level 17. HP: 116/133 MP: 0/0
 38817 | Shoals:1 | Learned a level 7 spell: Storm Form
 40012 | Shoals:1 | Noticed Mlioglotl
 40033 | Shoals:1 | Killed Mlioglotl
 40037 | Shoals:1 | Reached skill level 11 in Shields
 40948 | Shoals:2 | Reached skill level 13 in Dodging
 40954 | Shoals:2 | Noticed Nikola
 40956 | Shoals:2 | Noticed Polyphemus
 40961 | Shoals:2 | Reached skill level 1 in Evocations
 40984 | Shoals:2 | HP: 27/134 [Polyphemus/large rock (25)]
 41329 | Shoals:2 | Killed Polyphemus
 41484 | Shoals:2 | Noticed Ilsuiw
 41500 | Shoals:2 | Killed Ilsuiw
 41531 | Shoals:2 | Identified the +11 shortbow of Painted Offence {venom,
                  | Fragile rN+ rCorr Int+3}
 42044 | Shoals:2 | Reached skill level 2 in Evocations
 42590 | Shoals:2 | Identified the +11 war axe of Jaommyix {antimagic, Drain
                  | rElec rC+++ Will-}
 42591 | Shoals:2 | Bought a scroll of teleportation for 48 gold pieces
 42591 | Shoals:2 | Bought a scroll of blinking for 120 gold pieces
 42591 | Shoals:2 | Bought a scroll of enchant armour for 120 gold pieces
 42591 | Shoals:2 | Bought a scroll of immolation for 56 gold pieces
 42591 | Shoals:2 | Bought a scroll of enchant armour for 120 gold pieces
 42591 | Shoals:2 | Bought a scroll of holy word for 120 gold pieces
 42608 | Shoals:2 | Reached skill level 14 in Dodging
 42760 | Shoals:2 | Killed Nikola
 43266 | Shoals:2 | HP: 9/135 [merfolk aquamancer/torrent of water (29)]
 43268 | Shoals:2 | Reached XP level 18. HP: 34/141 MP: 0/0
 43649 | Shoals:2 | Bought a scroll of blinking for 135 gold pieces
 43649 | Shoals:2 | Bought a scroll of teleportation for 54 gold pieces
 43649 | Shoals:2 | Bought a scroll of vulnerability for 135 gold pieces
 43649 | Shoals:2 | Bought a scroll of teleportation for 54 gold pieces
 43649 | Shoals:2 | Bought a scroll of teleportation for 54 gold pieces
 43651 | Shoals:2 | Bought a potion of berserk rage for 90 gold pieces
 43651 | Shoals:2 | Bought a potion of heal wounds for 90 gold pieces
 43653 | Shoals:2 | Bought a scroll of fog for 38 gold pieces
 43653 | Shoals:2 | Bought a scroll of teleportation for 57 gold pieces
 43653 | Shoals:2 | Bought 2 scrolls of teleportation for 114 gold pieces
 43653 | Shoals:2 | Bought a scroll of magic mapping for 66 gold pieces
 43655 | Shoals:2 | Bought the +3 robe of Clouds {*Thunder rCloud rElec} for
                  | 623 gold pieces
 43655 | Shoals:2 | Found the +3 robe of Clouds {*Thunder rCloud rElec}
 44852 | Shoals:3 | Reached skill level 12 in Armour
 44860 | Shoals:3 | Reached skill level 15 in Dodging
 45763 | Shoals:4 | Entered Level 4 of the Shoals
 46172 | Shoals:4 | Reached skill level 16 in Dodging
 46533 | Shoals:4 | HP: 35/141 [merfolk javelineer/javelin (4)]
 46538 | Shoals:4 | Reached skill level 12 in Shields
 47135 | Shoals:3 | Noticed a kraken
 47158 | Shoals:3 | Killed a kraken
 47942 | Shoals:4 | Reached skill level 17 in Fighting
 48887 | Shoals:4 | Reached skill level 17 in Dodging
 49865 | Shoals:4 | Reached XP level 19. HP: 98/148 MP: 0/0
 49865 | Shoals:4 | Learned a level 6 spell: Conjure Ball Lightning
 50787 | Shoals:4 | Got a barnacled rune of Zot
 51051 | Shoals:4 | Reached skill level 14 in Spellcasting
 51337 | Elf:1    | Entered Level 1 of the Elven Halls
 51994 | Elf:1    | Reached skill level 18 in Dodging
 52774 | Elf:1    | Reached skill level 13 in Armour
 54054 | Elf:2    | Reached skill level 13 in Shields
 54162 | Elf:2    | Reached skill level 19 in Dodging
 54613 | Elf:2    | Found a runed translucent gate.
 54614 | Elf:2    | Found a runed translucent gate.
 54614 | Elf:2    | Found a runed translucent gate.
 54826 | Elf:2    | Reached XP level 20. HP: 138/157 MP: 0/0
 54908 | Elf:2    | Noticed Louise
 54937 | Elf:2    | Killed Louise
 56686 | Elf:3    | Entered Level 3 of the Elven Halls
 56740 | Elf:3    | Noticed Saint Roka
 56756 | Elf:3    | Killed Saint Roka
 57655 | Elf:3    | Identified the +12 war axe "Embalmer" {venom, Int+4} (You
                  | took it off a deep elf pyromancer on level 3 of the Elven
                  | Halls)
 57655 | Elf:3    | Identified the ring of the Greedy {rPois Str-4 Int+2 Dex+6}
                  | (You took it off a deep elf pyromancer on level 3 of the
                  | Elven Halls)
 57683 | Elf:3    | Identified the +8 plate armour "Lomooh" {SInv}
 57690 | Elf:3    | Reached skill level 18 in Fighting
 57691 | Elf:3    | HP: 23/157 [deep elf high priest/a malign offering (21)]
 58206 | Elf:3    | Identified the +5 mace of Judgement {flame, Stlth+}
 58207 | Elf:3    | Identified the +7 war axe "Safibak" {protect, rN+ Int+5
                  | Stlth+}
 58218 | Elf:3    | Noticed a Brimstone Fiend
 58224 | Elf:3    | Noticed an Ice Fiend
 58824 | Elf:3    | Identified the +8 hand axe "Eruenici" {elec, *Rage rCorr
                  | MP+9 Int-3}
 58825 | Elf:3    | Identified the +6 mace "Zoceam" {venom, Dex+2}
 58828 | Elf:3    | Reached skill level 20 in Dodging
 58830 | Elf:3    | Noticed an Ice Fiend
 58836 | Elf:3    | Reached skill level 14 in Armour
 59379 | Elf:3    | Found Podyacha's Weapon Shoppe.
 59964 | Elf:3    | Noticed a Tzitzimitl
 60098 | Elf:3    | Got Falujei's Tome of Scorching Poisoning
 60242 | Elf:3    | Identified the +4 ring mail "Ukokeij" {Dex+4}
 60768 | Vaults:1 | Entered Level 1 of the Vaults
 61295 | Vaults:1 | Reached XP level 21. HP: 117/163 MP: 0/0
 61295 | Vaults:1 | Learned a level 8 spell: Necromutation
 61820 | Vaults:1 | Reached skill level 14 in Shields
 62820 | Vaults:1 | You are sucked into a shaft and drop 1 floor!
 63220 | Vaults:2 | Found a staircase to the Crypt.
 63350 | Vaults:2 | Found a transporter.
 63517 | Vaults:2 | Reached skill level 15 in Armour
 63608 | Vaults:2 | Reached skill level 15 in Spellcasting
 64039 | Vaults:2 | HP: 35/164 [spore (13)]
 65379 | Vaults:1 | Identified the +8 chain mail "Dyojogol" {Int-3 Slay+5 SInv}
 66493 | Vaults:2 | Bought a steaming robe for 125 gold pieces
 66493 | Vaults:2 | Identified the +1 robe of Azibb {rElec Str+4} (You bought
                  | it in a shop on level 2 of the Vaults)
 66501 | Vaults:2 | Bought a potion of mutation for 88 gold pieces
 66501 | Vaults:2 | Bought a potion of curing for 33 gold pieces
 66501 | Vaults:2 | Bought a potion of heal wounds for 55 gold pieces
 66501 | Vaults:2 | Bought a potion of mutation for 88 gold pieces
 66715 | Vaults:2 | Found Acomup's Book Shop.
 66738 | Vaults:2 | Reached skill level 16 in Armour
 66738 | Vaults:2 | Reached XP level 22. HP: 51/171 MP: 0/0
 67558 | Vaults:3 | Reached skill level 19 in Fighting
 67558 | Vaults:3 | Reached skill level 15 in Shields
 68007 | Vaults:3 | Identified a +2 robe of the Archmagi
 68687 | Vaults:3 | Paralysed by a great orb of eyes for 5 turns
 68935 | Vaults:3 | Noticed Zenata
 68962 | Vaults:3 | HP: 31/173 [Zenata/a resonance strike (21)]
 68976 | Vaults:3 | Killed Zenata
 68996 | Vaults:3 | HP: 3/173 [centaur warrior/arrow (20)]
 69631 | Vaults:4 | Reached skill level 17 in Armour
 69656 | Vaults:4 | HP: 38/173 [spore (11)]
 69657 | Vaults:4 | HP: 14/173 [vault warden/bolt (23)]
 70360 | Vaults:3 | Noticed Boris
 70387 | Vaults:3 | Killed Boris
 72944 | Vaults:5 | Entered Level 5 of the Vaults
 74104 | Vaults:4 | Reached XP level 23. HP: 35/179 MP: 0/0
 74104 | Vaults:4 | Learned a level 7 spell: Dragon Form
 74614 | Vaults:5 | Paralysed by a sphinx for 7 turns
 74616 | Vaults:5 | HP: 36/179 [ettin/+2 dire flail of protection (31)]
 74617 | Vaults:5 | HP: 14/179 [tentacled monstrosity (11)]
 74617 | Vaults:5 | Annihilated by an ettin

Vanquished Creatures
  Nikola (Shoals:2)
  Mlioglotl (Shoals:1)
  A deep elf master archer (Elf:3)
  2 deep elf blademasters
  Polyphemus (Shoals:2)
  A kraken (Shoals:3)
  Ilsuiw (Shoals:2)
  2 fire giants
  5 vault wardens
  Louise (Elf:2)
  2 deep elf elementalists
  A war gargoyle (Vaults:2)
  5 ironbound preservers
  5 ironbound thunderhulks
  A very ugly thing (Vaults:4)
  3 deep elf annihilators
  Azrael (D:12)
  3 deep elf demonologists (Elf:3)
  An entropy weaver (Vaults:2)
  9 dire elephants
  A deep elf death mage (Elf:3)
  6 merfolk javelineers
  6 merfolk impalers
  7 yaktaur captains
  6 great orbs of eyes
  3 deep elf high priests (Elf:3)
  A catoblepas (Lair:4)
  6 hydras
  A rakshasa (D:15)
  9 vault guards
  A peacekeeper (Vaults:2)
  7 centaur warriors
  4 ogre magi
  4 merfolk avatars
  3 alligator snapping turtles (Shoals:4)
  3 ironbound frosthearts
  17 two-headed ogres
  6 death yaks
  3 merfolk aquamancers
  A death knight (D:14)
  2 tengu warriors
  A vampire mage (Vaults:2)
  5 orc high priests (Orc:2)
  10 deep elf knights
  A flayed ghost (Vaults:4)
  10 deep trolls
  11 sea snakes
  A steelbarb worm (shapeshifter) (D:15)
  A kraken simulacrum (Shoals:4)
  An orc knight (D:10)
  9 deep elf archers
  3 wizards (Vaults:2)
  7 lindwurms
  7 ironbound convokers
  9 harpies
  2 necromancers
  12 deep elf pyromancers
  17 ugly things
  An oklob plant (Lair:6)
  6 fauns
  8 deep elf zephyrmancers (Elf:2)
  An orc sorcerer (Orc:2)
  12 elephants
  6 cyclopes
  10 manticores
  2 black mambas
  10 merfolk sirens
  A guardian serpent (shapeshifter) (D:13)
  6 vault sentinels
  4 water nymphs
  Maurice (D:9)
  2 unseen horrors (D:11)
  3 cane toads
  A rime drake (Lair:6)
  A kobold demonologist (Elf:1)
  5 komodo dragons
  14 yaktaurs
  3 tengu conjurers
  A queen bee (D:10)
  A yaktaur skeleton (Vaults:3)
  24 merfolk
  4 polar bears
  A wind drake (Shoals:1)
  2 blink frogs (Lair:6)
  6 trolls
  A hornet (shapeshifter) (D:15)
  5 dream sheep
  4 snapping turtles
  11 slime creatures
  Sigmund (D:2)
  4 shadows
  3 centaur simulacra
  2 vampires
  5 fire elementals
  10 yaks
  4 water elementals
  A hog (shapeshifter) (D:13)
  A wyvern (D:11)
  10 wraiths
  A redback (Vaults:3)
  A steam dragon (D:8)
  Menkaure (D:7)
  9 vampire mosquitoes
  An acid dragon (D:14)
  2 wargs
  5 water moccasins
  2 hell hounds
  6 orc warriors
  A black bear (D:6)
  6 ice beasts
  6 wolves
  11 ogres
  2 centaurs
  2 kobold brigands
  5 bullfrogs
  3 scorpions
  10 wights
  18 killer bees
  2 electric eels (Lair:4)
  4 howler monkeys
  A jelly (D:5)
  11 hounds
  Crazy Yiuf (D:2)
  19 orc priests
  Jessica (D:2)
  An iguana (D:6)
  Terence (D:3)
  18 orc wizards
  2 hell rats (D:10)
  3 adders
  2 river rats (D:10)
  A shadow imp (D:7)
  8 white imps
  An ufetubus (D:12)
  2 worms (D:4)
  2 dart slugs
  41 orcs
  4 ball pythons
  5 endoplasms
  4 giant cockroaches
  9 goblins
  9 hobgoblins
  6 jackals (D:1)
  5 quokkas
  7 bats
  5 frilled lizards
  16 kobolds
  5 rats
  A bush (Lair:6)
  34 snaplasher vines
  2 tentacles (Shoals:3)
774 creatures vanquished.

Vanquished Creatures (collateral kills)
  Boris (Vaults:3)
  Saint Roka (Elf:3)
  Zenata (Vaults:3)
  A deep elf blademaster (Elf:3)
  A deep elf master archer (Elf:3)
  2 sphinxes (Vaults:3)
  An orc warlord (Vaults:2)
  7 vault wardens
  3 deep elf sorcerers
  2 deep elf elementalists (Elf:3)
  2 ironbound thunderhulks
  2 stone giants (Vaults:4)
  3 very ugly things (Vaults:3)
  5 ironbound preservers
  2 deep elf demonologists (Elf:3)
  3 deep elf annihilators (Elf:3)
  An entropy weaver (Vaults:3)
  11 dire elephants
  7 deep elf death magi (Elf:3)
  A merfolk javelineer (Shoals:3)
  2 yaktaur captains
  7 merfolk impalers
  A great orb of eyes (Vaults:1)
  9 vault guards
  5 hydras
  An ogre mage (D:15)
  2 catoblepae
  2 satyrs (Shoals:4)
  2 ironbound frosthearts
  2 merfolk avatars (Shoals:4)
  5 alligator snapping turtles
  4 centaur warriors
  2 alligators (Shoals:2)
  26 dancing weapons
  6 two-headed ogres
  6 death yaks
  A tengu warrior (D:14)
  2 orc high priests
  7 deep elf knights
  A sixfirhy (Lair:6)
  22 deep trolls
  8 deep elf archers
  4 wizards
  A goliath frog (Shoals:2)
  5 sea snakes
  9 ironbound convokers
  4 orc knights (Vaults:2)
  A glowing orange brain (Vaults:2)
  15 harpies
  3 lindwurms (Vaults:3)
  An orc sorcerer (Elf:1)
  7 ugly things
  15 deep elf zephyrmancers
  2 oklob plants (Lair:6)
  7 fauns
  9 manticores
  24 deep elf pyromancers
  4 cyclopes
  14 elephants
  5 vault sentinels
  5 black mambas
  4 merfolk sirens
  6 water nymphs
  2 torpor snails
  An orange demon (Lair:6)
  A smoke demon (Lair:6)
  7 komodo dragons
  12 yaktaurs
  8 cane toads
  3 rime drakes (Lair:6)
  4 ice devils (Lair:6)
  A polar bear (shapeshifter) (Elf:1)
  A troll (Orc:2)
  14 merfolk
  A polar bear (Lair:3)
  A wind drake (shapeshifter) (Elf:2)
  8 snapping turtles
  6 slime creatures
  6 dream sheep
  2 jumping spiders
  10 blink frogs (Lair:6)
  30 yaks
  An elf simulacrum (Vaults:3)
  6 wyverns
  7 water elementals
  2 vampires (Vaults:2)
  4 basilisks
  A fire elemental (Elf:1)
  A vampire mosquito (D:13)
  2 wargs (Orc:2)
  11 water moccasins
  4 hell hounds (Lair:6)
  18 orc warriors
  2 boggarts
  3 ogres
  A deep troll simulacrum (Vaults:3)
  15 wolves
  4 bullfrogs
  An earth elemental (Elf:3)
  12 orc priests
  11 orc wizards (Orc:2)
  3 adders (Lair:1)
  36 orcs
  7 ball lightnings
  A bush (Lair:6)
596 creatures vanquished.

Vanquished Creatures (others)
  6 dancing weapons
  A wizard (Lair:6)
  A deep elf pyromancer (Elf:1)
  A deep elf zephyrmancer (Elf:2)
  An electric eel (D:12)
  An ufetubus (D:12)
  84 ball lightnings
  A bush (Lair:4)
  52 fulminant prisms
  57 fungi
  209 plants
  63 snaplasher vines
  14 tentacles
  2 withered plants (D:11)
493 creatures vanquished.

Grand Total: 1863 creatures vanquished

Table legend:
 A = Non-vault XP
 B = Vault XP
 C = Vault XP percentage of total XP
 D = Non-vault monster count
 E = Vault monster count
 F = Vault count percentage of total count
                 A         B        C        D         E       F
            +---------+---------+-------+---------+---------+-------
      Total |  326068 |  269973 |  45.3 |     860 |     473 |  35.5
            +---------+---------+-------+---------+---------+-------
        D:1 |      46 |       0 |   0.0 |      25 |       0 |   0.0
        D:2 |      37 |     317 |  89.5 |      14 |       3 |  17.6
        D:3 |     166 |      36 |  17.8 |      20 |       1 |   4.8
        D:4 |     211 |       0 |   0.0 |      17 |       0 |   0.0
        D:5 |     441 |       0 |   0.0 |      15 |       0 |   0.0
        D:6 |     988 |       0 |   0.0 |      24 |       0 |   0.0
        D:7 |     792 |     218 |  21.6 |      15 |       2 |  11.8
        D:8 |     871 |      35 |   3.9 |      12 |       1 |   7.7
        D:9 |    1393 |     433 |  23.7 |      16 |       1 |   5.9
       D:10 |    2706 |    3436 |  55.9 |      14 |      21 |  60.0
       D:11 |    5546 |     470 |   7.8 |      16 |      15 |  48.4
       D:12 |    2147 |    4961 |  69.8 |      12 |      28 |  70.0
       D:13 |    5974 |       0 |   0.0 |      18 |       0 |   0.0
       D:14 |    5091 |    5980 |  54.0 |      10 |      10 |  50.0
       D:15 |   21467 |    5593 |  20.7 |      35 |      10 |  22.2
     Lair:1 |    4183 |    1308 |  23.8 |      14 |      10 |  41.7
     Lair:2 |    7304 |       0 |   0.0 |      25 |       0 |   0.0
     Lair:3 |    2178 |       0 |   0.0 |      14 |       0 |   0.0
     Lair:4 |    6910 |    1364 |  16.5 |      21 |       6 |  22.2
     Lair:5 |    6599 |    3664 |  35.7 |      16 |       6 |  27.3
     Lair:6 |   21830 |   11016 |  33.5 |      60 |      29 |  32.6
   Shoals:1 |   17783 |    5634 |  24.1 |      35 |       6 |  14.6
   Shoals:2 |   16643 |   14454 |  46.5 |      36 |      16 |  30.8
   Shoals:3 |   15770 |       0 |   0.0 |      32 |       0 |   0.0
   Shoals:4 |   24215 |   26941 |  52.7 |      50 |      40 |  44.4
      Orc:1 |     326 |       0 |   0.0 |       2 |       0 |   0.0
      Orc:2 |    9400 |    5374 |  36.4 |      79 |      39 |  33.1
      Elf:1 |   14828 |    9067 |  37.9 |      22 |      16 |  42.1
      Elf:2 |   33513 |   27983 |  45.5 |      56 |      35 |  38.5
      Elf:3 |    7950 |   34805 |  81.4 |      13 |      39 |  75.0
   Vaults:1 |   18308 |   27508 |  60.0 |      28 |      40 |  58.8
   Vaults:2 |   40211 |   21030 |  34.3 |      52 |      31 |  37.3
   Vaults:3 |   21207 |   36356 |  63.2 |      33 |      43 |  56.6
   Vaults:4 |    9034 |   20241 |  69.1 |       9 |      23 |  71.9
   Vaults:5 |       0 |    1749 | 100.0 |       0 |       2 | 100.0
            +---------+---------+-------+---------+---------+-------

Illustrated notes

Table legend:
 A = Kills in this place as a percentage of kills in entire the game.
 B = Kills by you in this place as a percentage of kills by you in the entire game.
 C = Kills by friends in this place as a percentage of kills by friends in the entire game.
 D = Other kills in this place as a percentage of other kills in the entire game.
 E = Experience gained in this place as a percentage of experience gained in the entire game.
 F = Experience gained in this place divided by the number of levels of this place that you have seen.
                   A       B       C       D       E      F
               +-------+-------+-------+-------+-------+----------------------
         Total | 100.0 | 100.0 | 100.0 | 100.0 | 100.0 | 17029.7
       Dungeon |  26.6 |  46.0 |   2.7 |   0.0 |  11.6 | 4623.7
          Lair |  15.1 |   7.2 |  25.0 |  12.5 |  11.1 | 11059.3
        Shoals |  16.1 |  15.9 |  16.7 |   0.0 |  20.4 | 30360.0
  Orcish Mines |   9.0 |   5.6 |  13.4 |   0.0 |   2.5 | 7550.0
   Elven Halls |  13.6 |   8.3 |  19.4 |  75.0 |  21.5 | 42715.3
        Vaults |  19.6 |  17.1 |  22.8 |  12.5 |  32.8 | 39128.8
               +-------+-------+-------+-------+-------+----------------------

Table legend: (Time is in decaauts)
 A = Elapsed time spent in this place.
 B = Non-inter-level travel time spent in this place.
 C = Inter-level travel time spent in this place.
 D = Time resting spent in this place.
 E = Time spent auto-exploring this place.
 F = Levels seen in this place.
 G = Mean time per level.
                   A        B        C        D        E       F      G
               +--------+--------+--------+--------+--------+-----+--------+
         Total |  74943 |  69890 |   5053 |  24271 |  36683 |  35 | 2141.2 |
       Dungeon |  27630 |  25516 |   2114 |  10527 |  12474 |  15 | 1842.0 |
          Lair |   9426 |   8839 |    587 |   1420 |   6391 |   6 | 1571.0 |
        Shoals |  12309 |  12066 |    243 |   3720 |   6571 |   4 | 3077.2 |
  Orcish Mines |   3633 |   3162 |    471 |   1871 |    769 |   2 | 1816.5 |
   Elven Halls |   9357 |   8653 |    704 |   2823 |   4399 |   3 | 3119.0 |
        Vaults |  12585 |  11653 |    932 |   3910 |   6079 |   5 | 2517.0 |
               +--------+--------+--------+--------+--------+-----+--------+

Top non-repeatable levels by time:
   Elf:2: 4043 daAuts
Vaults:1: 3797 daAuts
Shoals:3: 3631 daAuts
    D:15: 3564 daAuts
Vaults:2: 3455 daAuts
   Elf:3: 3245 daAuts
    D:14: 3233 daAuts
Shoals:1: 2983 daAuts
Shoals:4: 2936 daAuts
Shoals:2: 2759 daAuts
Vaults:3: 2678 daAuts
Vaults:4: 2623 daAuts
    D:12: 2548 daAuts
   Orc:2: 2527 daAuts
  Lair:6: 2499 daAuts
